 Dungeon Crawl Stone Soup version 0.30.0 (webtiles) character file.

Game seed: 7074949893455077817

5 workbot the Grave Robber (level 1, -2/13 HPs)
             Began as a Demonspawn Necromancer on May 5, 2023.
             Succumbed to a kobold's poison
             ... on level 1 of the Dungeon.
             The game lasted 00:03:17 (170 turns).

workbot the Grave Robber (Demonspawn Necromancer)    Turns: 170, Time: 00:03:18

Health: -2/13      AC:  3    Str:  8    XL:     1   Next: 66%
Magic:  2/3        EV: 11    Int: 16    God:
Gold:   13         SH:  0    Dex: 13    Spells: 3/4 levels left

rFire   . . .        (no weapon)
rCold   . . .        (no shield)
rNeg    . . .        d - +0 leather armour
rPois   .            (no helmet)
rElec   .            (no cloak)
rCorr   .            (no gloves)
SInv    .            (no boots)
Will    .....        (no amulet)
Stlth   ++           (no ring)
HPRegen 0.22/turn    (no ring)
MPRegen 0.08/turn

%: no passive effects
@: lethally poisoned (-2 -> -24)
A: no striking features
a: no special abilities


You were on level 1 of the Dungeon.
You visited 1 branch of the dungeon, and saw 1 of its levels.

You collected 13 gold pieces.

Inventory:

Missiles
 f - 3 stones (quivered)
Armour
 a - a +0 robe
 d - a +0 leather armour (worn)
Scrolls
 c - a scroll of magic mapping {unknown}
 e - a scroll of brand weapon {unknown}
 g - a scroll of amnesia {unknown}
Potions
 b - 3 potions of magic
 h - a potion of flight {unknown}


   Skills:
 - Level 1.7 Dodging
 - Level 1.7 Stealth
 + Level 2.2 Spellcasting
 + Level 4.5 Necromancy


You had 3 spell levels left.
You knew the following spells:

 Your Spells              Type           Power      Damage    Failure   Level
a - Necrotise             Necr           64%        1d7       4%          1

Your spell library contained the following spells:

 Spells                   Type           Power      Damage    Failure   Level
 Vampiric Draining        Necr           16%        2d7       14%         3
 Animate Dead             Necr           16%        N/A       41%         4
 Agony                    Necr           16%        N/A       77%         5


Dungeon Overview and Level Annotations

Branches:
Dungeon (1/15)

Altars:


Message History

The endoplasm barely misses your frilled lizard skeleton.
You hit the endoplasm.
The endoplasm is almost dead.
Your frilled lizard skeleton bites the endoplasm.
The endoplasm dies!
Magic restored.
Found a stone staircase leading down.
A kobold comes into view. It is wielding a +0 whip of venom.
Your frilled lizard skeleton crumbles into dust!
A kobold comes into view. It is wielding a +0 dagger.
The kobold shouts!
You hear a shout!
A frilled lizard comes into view.
The frilled lizard moves out of view.
Casting: Necrotise (safe; 4% risk of failure)
Confirm with . or Enter, or press ? or * to list all spells.
Aiming: Necrotise (safe; 4% risk of failure)
Press: ? - help, Shift-Dir - straight line, f - kobold
Aim: a kobold, wielding a +0 dagger (chance to affect: 86%)
The kobold writhes in agony.
You kill the kobold!
The kobold shouts!
The dead are walking!
You hear an angry hiss.
A hobgoblin comes into view.
Your kobold skeleton barely misses the kobold.
Your kobold skeleton closely misses the kobold.
A bat comes into view.
You barely miss the kobold. You punch the kobold, but do no damage.
The kobold hits you with a +0 whip of venom.
You are lethally poisoned!
You feel very sick. The bat closely misses you.
The kobold hits you with a +0 whip of venom.
* * * LOW HITPOINT WARNING * * *
You are more poisoned.
The hobgoblin hits your kobold skeleton.
The frilled lizard bites your kobold skeleton.
Your kobold skeleton barely misses the kobold.
The bat attacks as you move away! The bat misses you.
You die...

.##..............# .#
###.###.....####.# ..# #
##.....## #.##..##
#.......###......##
#.......##...###...
##...........#>...#
.###.......#.##....#
##.####....#...##....##
##..............@.......
......#.#######.......##
.####...# #.bKZ...# .#
#.... #.#gl.### .#
#.###. #.#.#..# .# #. ##
..#.....# .# ##
#..##..#..# ########
#..# #..... #..<.# #..
...#.


You could see a hobgoblin, a bat, a kobold (ally target), a frilled lizard and a
friendly kobold skeleton.

Vanquished Creatures
  A hobgoblin (D:1)
  A frilled lizard (D:1)
  A kobold (D:1)
3 creatures vanquished.

Vanquished Creatures (collateral kills)
  An endoplasm (D:1)
  A giant cockroach (D:1)
2 creatures vanquished.

Grand Total: 5 creatures vanquished

Notes
Turn   | Place    | Note
-------+----------+-------------------------------------------
     0 | D:1      | workbot the Demonspawn Necromancer began the quest for the
                  | Orb.
     0 | D:1      | Reached XP level 1. HP: 13/13 MP: 3/3
   170 | D:1      | Succumbed to a kobold's poison

Illustrated notes

Levels and vault maps discovered:
D:1:      sevenhm_arrival_forest_fort_small_6, layout_rooms

Action                     || total
---------------------------++-------
  Melee: Unarmed           ||    12
         Punch             ||     1
  Throw: Stone             ||     1
   Cast: Necrotise         ||     4
   Stab: Distracted        ||     1
 Armour: Leather armour    ||     5
  Dodge: Dodged            ||     9
